 Dungeon Sprint DCSS version 0.19-a0-1815-g4007336 (webtiles) character file.

17007 poirepourri the Imperceptible (level 12, 0/81 (84) HPs)
             Began as a Spriggan Enchanter on Oct 5, 2016.
             Was the Champion of Dithmenos.
             Succumbed to a death drake's dark miasma
             ... in the Dungeon (Sprint III: "The Ten Rune Challenge").
             The game lasted 00:10:09 (3373 turns).

poirepourri the Imperceptible (Spriggan Enchanter)  Turns: 3373, Time: 00:10:09

HP:   0/81 (84)     AC:  4    Str:  9    XL:     12   Next: 15%
MP:   2/32          EV: 31    Int: 17    God:    Dithmenos [******]
Gold: 1412          SH:  0    Dex: 21    Spells: 5 memorised, 30 levels left

rFire  . . .     SeeInvis +     i - +2 short sword (venom)
rCold  . . .     Gourm    .     b - +1 robe
rNeg   . . .     Faith    .     (shield restricted)
rPois  .         Spirit   .     (helmet restricted)
rElec  .         Dismiss  .     n - +0 cloak
rCorr  .         Reflect  .     (gloves unavailable)
MR     ++...     Harm     .     (boots unavailable)
Stlth  .......... NoTele   +    (no amulet)
                                (no ring)
                                o - ring of flight

@: berserking, lethally poisoned (0 -> -27), non-regenerating, diseased, slowed,
wreathed by umbra, very quick
A: unfitting armour, see invisible, herbivore 3, speed 3, slow metabolism 2
a: Shadow Step, Shadow Form, Renounce Religion, Evoke Flight


You were in the Dungeon.
You worshipped Dithmenos.
Dithmenos was exalted by your worship.
You were very full.

You visited 1 branch You collected 1412 gold pieces.

Inventory:

Hand Weapons
 a - a +1 dagger
 i - a +2 short sword of venom (weapon)
Armour
 b - a +1 robe (worn)
 n - a +0 cloak (worn)
Jewellery
 o - a ring of flight (left hand)
Wands
 l - a wand of acid (12/15)
 q - a wand of paralysis (3/24)
Scrolls
 j - a scroll of blinking
 k - 3 scrolls of remove curse
Potions
 e - 2 potions of mutation {unknown}
 f - a potion of heal wounds
 m - 3 potions of flight
 p - 2 potions of cure mutation
 r - a potion of might
Books
 c - a book of Maledictions

   Spells                             Type                      Level
   a - Corona                         Hexes                        1
   b - Ensorcelled Hibernation        Hexes/Ice                    2
   c - Confuse                        Hexes                        3
   d - Tukima's Dance                 Hexes                        3
   e - Dazzling Spray                 Conjuration/Hexes            3
Comestibles
 d - a bread ration
 g - 2 fruits
 h - 24 royal jellies


   Skills:
 - Level 3.0 Fighting
 + Level 9.5 Short Blades
 + Level 13.0 Dodging
 + Level 26.1 Stealth
 + Level 15.8 Spellcasting
 + Level 5.3 Conjurations
 + Level 16.1 Hexes
 - Level 1.2 Ice Magic
 + Level 4.0 Invocations


You had 30 spell levels left.
You knew the following spells:

 Your Spells              Type           Power        Failure   Level  Hunger
a - Corona                Hex            ######.      0%          1    None
b - Ensorcelled Hibernat  Hex/Ice        #####.       1%          2    None
c - Tukima's Dance        Hex            ######..     1%          3    None
d - Dazzling Spray        Conj/Hex       ######       1%          3    None
e - Confuse               Hex            ######..     1%          3    None


Dungeon Overview and Level Annotations

Branches:
Dungeon (1/1)

Altars:
Cheibriados
Dithmenos
Elyvilon
Fedhas
Gozag
Hepliaklqana
Kikubaaqudgha
Makhleb
Nemelex Xobeh
Okawaru
Qazlal
Ru
Sif Muna
Trog
Uskayaw
Vehumet
Xom
Yredelemnul
Zin
The Shining One
Beogh
Jiyva
Lugonu

Shops:
D (

Annotations:
D exclusion: 4 statues


Innate Abilities, Weirdness & Mutations

You are very small and have problems with some larger weapons.
You are too small for most types of armour.
You have supernaturally acute eyesight. (SInv)
You are a herbivore.
You cover ground extremely quickly.
You need consume almost no food.


Message History

You feel sick.
You hit the ghost crab.
The ghost crab is lightly damaged.
* * * LOW HITPOINT WARNING * * *
You feel sick. The ghost crab misses you. The ghost crab completely misses you.
You barely miss the ghost crab.
The ghost crab is lightly damaged.
* * * LOW HITPOINT WARNING * * *
You feel sick. The ghost crab misses you. The ghost crab completely misses you.
You hit the ghost crab.
The ghost crab is lightly damaged.
* * * LOW HITPOINT WARNING * * *
You feel sick.
You hit the ghost crab.
The ghost crab is lightly damaged.
* * * LOW HITPOINT WARNING * * *
You feel sick.
The ghost crab changes into a shock serpent!
You miss the shock serpent.
You die...

###.......'..#..PPP.#
##.#.#####.####......#
#..'.#)..'.#..'......#
'..#######.'..#......#
#### #.####......# #.#
#......# #.+ #§§§...#
#.# #§§S...# #.#
#§@§§..# +.# #§§§§..#
+### #.# #§§§§..# .⌠.#
######+# ...# ...#
...# ...# ####


You could see a shock serpent shaped shifter.

Vanquished Creatures
  Dowan (D)
  A fire dragon (D)
  Josephine (D)
  2 centaur warriors (D)
  4 orc high priests (D)
  2 deep elf knights (D)
  An unseen horror (D)
  An obsidian statue (D)
  4 deep elf magi (D)
  2 orc sorcerers (D)
  4 crystal guardians (D)
  Duvessa (D)
  A queen bee (D)
  3 wandering mushrooms (D)
  4 spriggan defenders (D)
  3 slime creatures (D)
  A shadow (D)
  A spatial vortex (D)
  A necrophage (D)
  2 centaurs (D)
  An earth elemental (D)
  A water elemental (D)
  32 killer bees (D)
  4 orc priests (D)
  A jelly (D)
  Jessica (D)
  A wizard (D)
  A necromancer (D)
  3 humans (D)
  A kobold demonologist (D)
  A wolf (D)
  An ooze (D)
  12 orcs (D)
  2 rats (D)
  A plant (D)
103 creatures vanquished.

Vanquished Creatures (others)
  2 draconian scorchers (D)
  Nessos (D)
  6 hellions (D)
  3 yaktaurs (D)
12 creatures vanquished.

Grand Total: 115 creatures vanquished

Notes
Turn   | Place    | Note
-------+----------+-------------------------------------------
     0 | D        | poirepourri the Spriggan Enchanter began the quest for the Orb.
     0 | D        | Reached XP level 1. HP: 9/9 MP: 5/5
    15 | D        | Reached skill level 5 in Stealth
    81 | D        | Noticed Jessica
    86 | D        | Killed Jessica
    86 | D        | Reached skill level 7 in Stealth
    86 | D        | Reached skill level 5 in Hexes
    86 | D        | Reached XP level 2. HP: 13/13 MP: 4/7
    86 | D        | Reached XP level 3. HP: 16/16 MP: 5/9
   100 | D        | Killed a hellion
   113 | D        | Learned a level 2 spell: Ensorcelled Hibernation
   117 | D        | Learned a level 3 spell: Tukima's Dance
   121 | D        | Learned a level 3 spell: Dazzling Spray
   134 | D        | Killed a yaktaur
   140 | D        | Killed a white draconian scorcher
   173 | D        | Killed a hellion
   177 | D        | Killed a hellion
   198 | D        | Reached skill level 8 in Stealth
   211 | D        | Killed a white draconian scorcher
   238 | D        | Killed a hellion
   240 | D        | Killed a hellion
   263 | D        | Killed a hellion
   389 | D        | Noticed a water elemental
   438 | D        | Killed a water elemental
   438 | D        | Reached skill level 5 in Dodging
   438 | D        | Reached skill level 9 in Stealth
   438 | D        | Reached skill level 5 in Spellcasting
   438 | D        | Reached skill level 1 in Ice Magic
   438 | D        | Reached XP level 4. HP: 11/21 MP: 0/12
   560 | D        | Learned a level 3 spell: Confuse
   585 | D        | Found a glowing silver altar of Zin.
   586 | D        | Found a glowing golden altar of the Shining One.
   586 | D        | Found a white marble altar of Elyvilon.
   587 | D        | Noticed a deep elf mage
   589 | D        | Killed a deep elf mage
   589 | D        | Reached skill level 1 in Fighting
   589 | D        | Reached skill level 12 in Stealth
   589 | D        | Reached skill level 1 in Conjurations
   589 | D        | Reached skill level 10 in Hexes
   589 | D        | Reached XP level 5. HP: 26/26 MP: 13/17
   589 | D        | Reached XP level 6. HP: 30/30 MP: 13/18
   589 | D        | Reached XP level 7. HP: 34/34 MP: 14/20
   597 | D        | Killed Nessos
   627 | D        | Found a radiant altar of Vehumet.
   627 | D        | Found a deep blue altar of Sif Muna.
   627 | D        | Found an ancient bone altar of Kikubaaqudgha.
   647 | D        | Found a hide-covered altar of Uskayaw.
   647 | D        | Found a roughly hewn altar of Beogh.
   647 | D        | Found an iron altar of Okawaru.
   647 | D        | Found a bloodstained altar of Trog.
   647 | D        | Noticed a human
   648 | D        | Noticed a human
   650 | D        | Killed a human
   650 | D        | Reached skill level 13 in Stealth
   651 | D        | Killed a human
   651 | D        | Reached skill level 14 in Stealth
   665 | D        | Found a basalt altar of Yredelemnul.
   665 | D        | Found a shadowy altar of Dithmenos.
   665 | D        | Found a sacrificial altar of Ru.
   798 | D        | Became a worshipper of Dithmenos the Shadowed
   948 | D        | Noticed a shadow
   951 | D        | Killed a shadow
   951 | D        | Reached skill level 10 in Spellcasting
   951 | D        | Reached XP level 8. HP: 35/39 MP: 23/23
   982 | D        | Found a blossoming altar of Fedhas.
   982 | D        | Found a stormy altar of Qazlal.
   982 | D        | Found a snail-covered altar of Cheibriados.
   982 | D        | Found a burning altar of Makhleb.
   982 | D        | Found a shimmering altar of Xom.
   983 | D        | Found a hazy altar of Hepliaklqana.
   983 | D        | Found an opulent altar of Gozag.
   983 | D        | Found a sparkling altar of Nemelex Xobeh.
   983 | D        | Found a corrupted altar of Lugonu.
   983 | D        | Found a viscous altar of Jiyva.
   987 | D        | Reached * piety under Dithmenos
   987 | D        | Reached skill level 15 in Stealth
  1002 | D        | Noticed Josephine
  1004 | D        | Killed Josephine
  1004 | D        | Reached skill level 10 in Dodging
  1004 | D        | Reached skill level 16 in Stealth
  1004 | D        | Reached XP level 9. HP: 43/43 MP: 23/25
  1019 | D        | Noticed a centaur warrior
  1026 | D        | Reached ** piety under Dithmenos
  1026 | D        | Reached skill level 5 in Short Blades
  1032 | D        | Killed a centaur warrior
  1032 | D        | Reached skill level 18 in Stealth
  1193 | D        | Noticed an unseen horror
  1197 | D        | Killed an unseen horror
  1212 | D        | Noticed Dowan
  1212 | D        | Noticed Duvessa
  1219 | D        | Killed Duvessa
  1226 | D        | Killed Dowan
  1226 | D        | Reached *** piety under Dithmenos
  1226 | D        | Reached skill level 20 in Stealth
  1226 | D        | Reached skill level 1 in Invocations
  1226 | D        | Reached XP level 10. HP: 43/49 MP: 12/28
  1547 | D        | Reached **** piety under Dithmenos
  1562 | D        | Reached ***** piety under Dithmenos
  1820 | D        | Reached ****** piety under Dithmenos
  1871 | D        | Reached skill level 21 in Stealth
  2280 | D        | Noticed an orc high priest
  2280 | D        | Noticed an orc sorcerer
  2280 | D        | Noticed an orc high priest
  2280 | D        | Noticed an orc sorcerer
  2280 | D        | Found Voyt's Weapon Shop.
  2281 | D        | Killed an orc sorcerer
  2281 | D        | Reached XP level 11. HP: 52/52 MP: 25/30
  2291 | D        | Killed an orc high priest
  2291 | D        | Reached skill level 22 in Stealth
  2297 | D        | Killed an orc high priest
  2299 | D        | Killed an orc sorcerer
  2299 | D        | Reached skill level 23 in Stealth
  2444 | D        | Noticed a deep elf knight
  2444 | D        | Noticed a deep elf mage
  2444 | D        | Noticed a deep elf mage
  2444 | D        | Noticed a deep elf mage
  2444 | D        | Noticed a deep elf knight
  2464 | D        | Noticed a sixfirhy
  2464 | D        | Killed a deep elf knight
  2464 | D        | Reached skill level 15 in Hexes
  2469 | D        | Killed a deep elf knight
  2474 | D        | Killed a deep elf mage
  2474 | D        | Reached skill level 24 in Stealth
  2478 | D        | Killed a deep elf mage
  2478 | D        | Reached skill level 15 in Spellcasting
  2492 | D        | Killed a deep elf mage
  2638 | D        | Noticed a deep elf mage
  2643 | D        | Noticed a deep elf high priest
  2644 | D        | Noticed a deep elf high priest
  2646 | D        | Noticed a deep elf mage
  2646 | D        | Noticed a deep elf annihilator
  2772 | D        | Noticed a yaktaur captain
  2772 | D        | Noticed a yaktaur captain
  2772 | D        | Noticed a yaktaur captain
  2813 | D        | Noticed an obsidian statue
  2842 | D        | Killed an obsidian statue
  2842 | D        | Reached skill level 5 in Conjurations
  2935 | D        | Noticed a crystal guardian
  2935 | D        | Noticed a crystal guardian
  2936 | D        | Noticed a crystal guardian
  2937 | D        | Noticed a crystal guardian
  2938 | D        | Killed a crystal guardian
  2940 | D        | Killed a crystal guardian
  2942 | D        | Killed a crystal guardian
  2943 | D        | Killed a crystal guardian
  2943 | D        | Reached skill level 25 in Stealth
  2994 | D        | Noticed a fire elementalist statue
  2994 | D        | Noticed a water elementalist statue
  2994 | D        | Noticed an earth elementalist statue
  2994 | D        | Noticed an air elementalist statue
  3330 | D        | Noticed a centaur warrior
  3334 | D        | Killed a centaur warrior
  3334 | D        | Reached XP level 12. HP: 56/56 MP: 32/32
  3341 | D        | Noticed a fire dragon
  3344 | D        | Killed a fire dragon
  3344 | D        | Reached skill level 26 in Stealth
  3347 | D        | Noticed a yaktaur captain
  3357 | D        | Noticed a ghost crab
  3357 | D        | an eye of devastation changed into a ghost crab
  3358 | D        | a ghost crab changed into a death drake
  3367 | D        | Noticed a ghost crab
  3367 | D        | a fire crab changed into a ghost crab
  3370 | D        | HP: 3/81 [poisoned by a death drake (dark miasma)]
  3372 | D        | HP: 1/81 [poisoned by a death drake (dark miasma)]
  3372 | D        | a ghost crab changed into a shock serpent
  3373 | D        | Succumbed to a death drake's dark miasma

Vault maps used:
D:        dungeon_sprint_mu

Skill      XL: |  1  2  3  4  5  6  7  8  9 10 11 12 |
---------------+-------------------------------------+-----
Stealth        | 7 9 12 14 16 20 21 25 26 | 26.1
Spellcasting   | 3 5 8 10 11 13 14 15 | 15.8
Hexes          | 5 7 10 11 13 14 16 | 16.1
Dodging        | 4 5 8 9 10 11 12 13 | 13.0
Ice Magic      | 1 |  1.2
Fighting       | 1 2 3 |  3.0
Short Blades   | 2 3 4 7 9 |  9.5
Conjurations   | 1 2 3 4 5 |  5.3
Invocations    | 1 3 4 |  4.0

Action                   |  1- 3 |  4- 6 |  7- 9 | 10-12 || total
-------------------------+-------+-------+-------+-------++-------
Melee: Dagger            |    43 |     1 |    33 |    82 ||   159
       Short sword       |       |       |       |    92 ||    92
 Cast: Corona            |     3 |       |       |       ||     3
       Dazzling Spray    |     7 |       |     9 |    30 ||    46
       Ensorcelled Hiber |     6 |       |    11 |    58 ||    75
       Confuse           |       |       |       |     2 ||     2
Invok: Shadow Step       |       |       |     1 |    17 ||    18
  Use: Potion            |     5 |       |     1 |     3 ||     9
       Scroll            |       |       |     5 |       ||     5
 Stab: Sleeping          |     4 |     1 |    14 |    68 ||    87
       Invisible         |     1 |       |     3 |     2 ||     6
       Distracted        |       |       |       |     2 ||     2
       Confused          |       |       |       |     1 ||     1
  Eat: Royal jelly       |       |       |     2 |       ||     2
       Bread ration      |       |       |       |     1 ||     1
Armor: Robe              |       |       |     2 |     1 ||     3
Dodge: Dodged            |    37 |       |    31 |   161 ||   229
